[Event "Team 45 45 League T27"]
[Site "Free Internet Chess Server"]
[Date "2005.06.19"]
[Round "1"]
[White "chesstalker"]
[Black "EyeAm"]
[Result "0-1"]
[WhiteElo "1387"]
[BlackElo "1270"]
[TimeControl "2700+45"]

1. d4 f5 2. c4 Nf6 3. Nc3 e6 4. Nf3 Bb4 5. g3 Bxc3+ 6. bxc3 Ne4 7. Qc2 O-O 8. Bg2 Na6 9. O-O c5 10. Ba3 b6 11. Rad1 Bb7 12. d5 Qf6 13. Rd3 Rad8 14. Bc1 e5 15. Nd2 Nxd2 16. Bxd2 e4 17. Re3 Rde8 18. f3 exf3 19. Rexf3 g6 20. Bh6 Rf7 21. Rf4 Rfe7 22. Be4 g5 23. Bxg5 Qxg5 24. Rxf5 Qe3+ 25. R1f2 Rxe4 26. Rf7 R8e7 27. Rf8+ Kg7 28. Kf1 Rxc4 29. R8f6 Bxd5 30. R6f5 Be4 31. R5f3 Bxc2 32. Rf4 Rxf4 33. gxf4 Qc1+ 34. Kg2 Be4+ 35. Kh3 Qe3+   {White resigns} 0-1

[Event "Team 45 45 League T27"]
[Site "Free Internet Chess Server"]
[Date "2005.06.20"]
[Round "1"]
[White "blkmagic"]
[Black "nasmichael"]
[Result "0-1"]
[WhiteElo "1126"]
[BlackElo "1234"]
[TimeControl "2700+45"]

1. e4 c6 2. Nc3 d5 3. exd5 cxd5 4. Bb5+ Nc6 5. d4 e6 6. Nf3 Bd6 7. O-O Ne7 8. Qe2 Ng6 9. Bd2 O-O 10. Rae1 a6 11. Bxc6 bxc6 12. Ne5 Qh4 13. g3 Qxd4 14. Nxc6 Qb6 15. Qh5 Qxc6 16. b3 e5 17. Bh6 Qxc3 18. Re3 Qxc2 19. Bxg7 Kxg7 20. f4 Bc5   {White resigns} 0-1

[Event "Team 45 45 League T27"]
[Site "Free Internet Chess Server"]
[Date "2005.06.20"]
[Round "1"]
[White "sidiAhmed"]
[Black "bahus"]
[Result "0-1"]
[WhiteElo "1772"]
[BlackElo "1792"]
[TimeControl "2700+45"]

1. d4 Nf6 2. c4 c5 3. Nf3 cxd4 4. Qxd4 Nc6 5. Qd1 e5 6. Bg5 h6 7. Bxf6 Qxf6 8. e4 Bb4+ 9. Nbd2 O-O 10. Bd3 d6 11. h3 Qg6 12. a3 Qxg2 13. Rh2 Bxd2+ 14. Kxd2 Qg6 15. Qg1 Qf6 16. Qg3 Be6 17. Rg1 Kh8 18. Rhg2 Rg8 19. h4 Rac8 20. Ng5 Nd4 21. Nxe6 Nf3+ 22. Ke3 Nxg1 23. Ng5 Qf4+ 24. Qxf4 exf4+ 25. Kxf4 hxg5+ 26. hxg5 Nh3+ 27. Kg4 Nxf2+ 28. Kf3 g6 29. Rxf2 Kg7 30. Kg4 Rge8 31. b4 Re5 32. a4 a5 33. b5 Rcc5 34. Kf4 Rxg5 35. Ke3 Rce5 36. Kd4 b6 37. Kc3 Rg3 38. Rd2 Rxe4 39. Kc2 Rd4 40. Kc3 Rf4 41. Kc2 g5 42. Be2 Rf6 43. Rd5 Re6 44. Bd3 Rf6 45. Kc3 Kf8 46. Kd4 Ke7 47. Bf5 Rf3 48. Ke4 Rf4+   {White resigns} 0-1

[Event "Team 45 45 League T27"]
[Site "Free Internet Chess Server"]
[Date "2005.06.18"]
[Round "1"]
[White "CelticDeath"]
[Black "Aul"]
[Result "1-0"]
[WhiteElo "1723"]
[BlackElo "1592"]
[TimeControl "2700+45"]

1. e4 g6 2. Nf3 Bg7 3. d4 d6 4. Bf4 e6 5. Nc3 Ne7 6. Qd2 b6 7. Bc4 Bb7 8. O-O-O a6 9. Bh6 Rg8 10. Bxg7 Rxg7 11. Qh6 Kf8 12. Ng5 Kg8 13. Bxe6 Qe8 14. Bxf7+ Rxf7 15. Nxf7 Qxf7 16. f4 Qg7 17. Qxg7+ Kxg7 18. Rhf1 Bc8 19. e5 Bf5 20. exd6 cxd6 21. h3 h5 22. Rde1 Kf7 23. Ne4 Bxe4 24. Rxe4 Nd7 25. Rfe1 Ng8 26. Re6 d5 27. g4 Rd8 28. g5 h4 29. a4 a5 30. c3 Kg7 31. Rd6 Kf7 32. Rxd5 Ne7 33. Rb5 Nf5 34. d5 Nc5 35. Rxb6 Nd3+ 36. Kd2 Nxe1 37. Kxe1 Rxd5 38. Rb5 Ke6 39. Rxd5 Kxd5 40. Kd2 Kc4 41. Ke2 Kb3 42. Kd3 Kxb2 43. c4 Kb3 44. c5 Kxa4 45. Kc4 Ka3 46. Kc3 Ka2 47. Kc2 a4 48. Kc1 Ka1 49. c6 a3 50. c7 Ne7 51. f5 Ka2 52. f6 Kb3 53. Kb1 a2+ 54. Ka1 Nf5 55. c8=Q Nd4 56. Qb7+ Ka3 57. Qa6+ Kb3 58. Qb6+ Kc3 59. Qxd4+ Kxd4 60. f7   {Black resigns} 1-0

[Event "Team 45 45 League T27"]
[Site "Free Internet Chess Server"]
[Date "2005.06.16"]
[Round "1"]
[White "HotDonut"]
[Black "rudini"]
[Result "0-1"]
[WhiteElo "1910"]
[BlackElo "1961"]
[TimeControl "2700+45"]

1. Nf3 b6 2. c4 Nf6 3. g3 e6 4. Bg2 d5 5. O-O Bd6 6. cxd5 exd5 7. d4 O-O 8. Nc3 Be6 9. Ne5 c6 10. e4 Qc7 11. exd5 Nxd5 12. Nxd5 Bxd5 13. Bxd5 cxd5 14. Bf4 Bxe5 15. dxe5 Qd7 16. Qb3 Nc6 17. Rfd1 d4 18. Rd3 Rfe8 19. Rad1 Qf5 20. Qb5 Re6 21. Rc1 Rd8 22. Rcd1 g5   {White resigns} 0-1

[Event "Team 45 45 League T27"]
[Site "Free Internet Chess Server"]
[Date "2005.06.19"]
[Round "1"]
[White "JBFelo"]
[Black "MidKnightBlue"]
[Result "1-0"]
[WhiteElo "1907"]
[BlackElo "1743"]
[TimeControl "2700+45"]

1. d4 Nf6 2. c4 g6 3. Nc3 d5 4. Nf3 Bg7 5. Bg5 O-O 6. Bxf6 Bxf6 7. Nxd5 Bg7 8. e3 c5 9. Be2 cxd4 10. Nxd4 e5 11. Nb5 Nc6 12. O-O Qa5 13. a3 Rb8 14. Ndc7 a6 15. b4 Nxb4 16. axb4 Qxb4 17. Rb1 Qa5 18. Ra1 Qb4 19. Nd5 Qc5 20. Nbc3 Be6 21. Ne4 Qa7 22. Qa4 h6 23. Qa5 f5 24. Nc5 Bc8 25. Qc7 Qa8 26. Nb6 Qa7 27. Rxa6 bxa6 28. Qxa7 Bb7 29. Ne6 Rfe8 30. c5 Bh8 31. Bc4 Kh7 32. c6 f4 33. c7 fxe3 34. cxb8=Q Re7 35. fxe3 h5 36. Qaxb7 Rxb7 37. Qxb7+ Kh6 38. Rf8   {Black resigns} 1-0

[Event "Team 45 45 League T27"]
[Site "Free Internet Chess Server"]
[Date "2005.06.16"]
[Round "1"]
[White "TheTactician"]
[Black "jjgsmm"]
[Result "1/2-1/2"]
[WhiteElo "1767"]
[BlackElo "1580"]
[TimeControl "2700+45"]

1. e4 c5 2. f4 e6 3. Nf3 d5 4. Bb5+ Nc6 5. Nc3 Ne7 6. O-O a6 7. Bxc6+ Nxc6 8. exd5 exd5 9. Qe1+ Be7 10. Ne5 Qd6 11. Nxc6 bxc6 12. d3 Bf5 13. b3 O-O 14. Ba3 Bf6 15. Qd2 Bd4+ 16. Kh1 Rfe8 17. Rae1 Qd7 18. Na4 c4 19. dxc4 dxc4 20. c3 Bf6 21. Qxd7 Bxd7 22. Nb6 Rxe1 23. Rxe1 Re8 24. Rxe8+ Bxe8 25. Nxc4 Bxc3 26. Nb6 a5 27. Bd6 f6 28. Nc8 Kf7 29. Bc7 c5 30. Nd6+ Ke7 31. Nb7 a4 32. Nxc5 axb3 33. axb3 Bf7 34. g4 Bb4 35. Bb6 Bxc5 36. Bxc5+ Kd7 37. b4 Kc6 38. Kg1 Bd5 39. Kf2 g6 40. g5 fxg5 41. fxg5 Kd7 42. Ke3 Bc4 43. Kd4 Bf1 44. Ke5 Ke8 45. Kf6 Be2 46. Kg7 Bh5 47. Kxh7 Kd7 48. Kg7 Kc6 49. Kf6 Kb5 50. Ke7 Kc6 51. Ke6 Kb5 52. Kd5 Bf3+ 53. Kd4 Bg4 54. Kc3 Bh3 55. Be7 Bg4 56. Kd4 Bh5 57. h4 Bg4 58. Ke5 Bh5 59. Bf8 Kc6 60. Ke6 Kb5 61. Bc5 Bg4+ 62. Kd6 Bh5 63. Ke7 Kc6 64. Kf7 Kb5 65. Kf6 Kc6 66. Ke5 Kb5 67. Kd6 Bg4   {Game drawn by mutual agreement} 1/2-1/2

[Event "Team 45 45 League T27"]
[Site "Free Internet Chess Server"]
[Date "2005.06.17"]
[Round "1"]
[White "zandree"]
[Black "Haotu"]
[Result "0-1"]
[WhiteElo "1409"]
[BlackElo "1711"]
[TimeControl "2700+45"]

1. e4 c5 2. Nf3 d6 3. Bb5+ Bd7 4. Nc3 Nc6 5. Bxc6 Bxc6 6. d4 cxd4 7. Nxd4 Bd7 8. Nf3 g6 9. Qd4 Nf6 10. e5 dxe5 11. Nxe5 Be6 12. Qe3 Bg7 13. Qf3 Rb8 14. Be3 Qa5 15. Rd1 Qxe5 16. Qg3 Qxg3 17. fxg3 b6 18. Nb5 O-O 19. Nxa7 Ra8 20. Nc6 Nd5 21. Rxd5 Bxd5 22. Nxe7+ Kh8 23. Nxd5 Rxa2 24. Bc1 Re8+ 25. Kf1 Rd8 26. Nc3 Bxc3 27. bxc3 Rd1+ 28. Ke2 Rxh1 29. Bg5 Rxc2+ 30. Kd3 Rxg2 31. Bf6+ Kg8 32. Kc4 Rhxh2 33. Be5 Rh5 34. Bc7 Rc5+ 35. Kd3 Rxc7 36. c4 Rxg3+ 37. Kd4 Rg4+ 38. Kc3 Rgxc4+ 39. Kd3 b5 40. Ke3 b4 41. Kd3 b3 42. Kd2 b2 43. Ke3 b1=Q 44. Kd2 Rd7+ 45. Ke3 Re4+ 46. Kf3 Qd3+ 47. Kf2 Ra7 48. Kg2 Ra2+ 49. Kg1 Re1#   {White checkmated} 0-1

[Event "Team 45 45 League T27"]
[Site "Free Internet Chess Server"]
[Date "2005.06.17"]
[Round "1"]
[White "nitedozer"]
[Black "SabuesoMaster"]
[Result "1/2-1/2"]
[WhiteElo "1948"]
[BlackElo "1938"]
[TimeControl "2700+45"]

1. Nf3 d5 2. c4 c6 3. b3 e6 4. Bb2 f5 5. g3 Nf6 6. Bg2 Bd6 7. O-O Nbd7 8. d3 O-O 9. Nbd2 e5 10. cxd5 cxd5 11. e4 fxe4 12. dxe4 d4 13. Qc2 Nb6 14. Nc4 Nxc4 15. Qxc4+ Kh8 16. Ng5 Qe7 17. f4 Ng4 18. fxe5 Qxg5 19. exd6 Rxf1+ 20. Rxf1 Qe3+ 21. Kh1 Nf2+ 22. Rxf2 Qxf2 23. Qxd4 Qe1+ 24. Qg1 Qd2 25. Qd4 Qe1+ 26. Qg1 Qd2 27. Qd4 Qe1+   {Game drawn by repetition} 1/2-1/2

[Event "Team 45 45 League T27"]
[Site "Free Internet Chess Server"]
[Date "2005.06.19"]
[Round "1"]
[White "maeck"]
[Black "nham"]
[Result "1/2-1/2"]
[WhiteElo "1937"]
[BlackElo "1937"]
[TimeControl "2700+45"]

1. d4 f5 2. Nf3 Nf6 3. Nc3 d5 4. Bf4 c6 5. e3 g6 6. Bd3 Bg7 7. h4 Be6 8. Ne5 Nbd7 9. f3 Qb6 10. Na4 Qa5+ 11. c3 Nxe5 12. Bxe5 Qd8 13. b4 Bf7 14. Nc5 b6 15. Nb3 Rg8 16. a4 Qc8 17. a5 Bh8 18. axb6 axb6 19. Kf2 e6 20. Qe2 Ke7 21. Rxa8 Qxa8 22. Ra1 Qb7 23. Qa2 Nd7 24. Bxh8 Rxh8 25. Qa7 Rb8 26. f4 Be8 27. Qxb7 Rxb7 28. Ra8 Nf6 29. Ke2 Nd7 30. Kd2 Nb8 31. Kc2 Nd7 32. Be2 Nf6 33. Bf3 Kd6 34. Nd2 Kc7 35. c4 Rb8 36. Rxb8 Kxb8 37. Kc3 Kc7 38. Nb3 Bd7 39. b5 cxb5 40. c5 bxc5 41. Nxc5 Bc8 42. Kb4 Kb6 43. Be2 h5 44. Nd3 Bd7 45. Ne5 Be8 46. Bd3 Ng4 47. Nxg4 hxg4 48. g3 Bd7   {Game drawn by mutual agreement} 1/2-1/2

[Event "Team 45 45 League T27"]
[Site "Free Internet Chess Server"]
[Date "2005.06.14"]
[Round "1"]
[White "muralimohan"]
[Black "midoekram"]
[Result "1-0"]
[WhiteElo "1901"]
[BlackElo "1809"]
[TimeControl "2700+45"]

1. Nf3 d5 2. d4 Nf6 3. c4 c6 4. e3 g6 5. Nc3 Bg7 6. Bd3 O-O 7. O-O Re8 8. Bd2 Nbd7 9. Rc1 e5 10. dxe5 Nxe5 11. Nxe5 Rxe5 12. Be2 Bf5 13. Qb3 Ne4 14. Nxe4 Bxe4 15. Bc3 Re7 16. Rfd1 b6 17. f3 Bf5 18. Bxg7 Kxg7 19. cxd5 cxd5 20. Rxd5 Qe8 21. Bb5 Qf8 22. Qa3 Be6 23. Rd3 Rd8 24. Rcd1 Rxd3 25. Rxd3 f5 26. Rd6 Qf7 27. Qc3+ Qf6 28. Qxf6+ Kxf6 29. Bc4 Ke5 30. Rxe6+ Rxe6 31. Bxe6 Kxe6 32. Kf2 Kd5 33. Ke2 h5 34. Kd3 h4 35. e4+ Ke5 36. g3 fxe4+ 37. fxe4 hxg3 38. hxg3 Kd6 39. Kd4 Ke6 40. e5 a6 41. a4 a5 42. Ke4 Ke7 43. Kd5 Kd7 44. e6+ Ke7 45. Ke5 Kd8 46. Kf6 Ke8 47. Kxg6   {Black resigns} 1-0

[Event "Team 45 45 League T27"]
[Site "Free Internet Chess Server"]
[Date "2005.06.18"]
[Round "1"]
[White "Doubleletter"]
[Black "wester"]
[Result "0-1"]
[WhiteElo "1757"]
[BlackElo "1913"]
[TimeControl "2700+45"]

1. d4 d5 2. Nf3 Nf6 3. c4 e6 4. cxd5 exd5 5. Bg5 Be7 6. Nbd2 Ne4 7. Bxe7 Qxe7 8. e3 O-O 9. Qb3 c6 10. Be2 Nd7 11. Nxe4 dxe4 12. Nd2 Nb6 13. Qc2 f5 14. g3 Be6 15. a3 Bd5 16. O-O g5 17. Nc4 Nd7 18. Na5 Rab8 19. Bc4 Nf6 20. Bxd5+ Nxd5 21. Nc4 Rf6 22. Ne5 h5 23. Qc5 Qh7 24. Qxa7 Rbf8 25. a4 f4 26. exf4 gxf4 27. Ra3 e3 28. Nd3 fxg3 29. hxg3 exf2+ 30. Rxf2 Rxf2 31. Nxf2 Qb1+ 32. Kg2 Qxb2 33. Rf3 Ne3+ 34. Kh3 Rxf3 35. Qb8+ Rf8 36. Qe5 Qxf2 37. Qg5+ Kf7 38. Qxh5+ Ke7 39. Qe5+ Kd7   {White resigns} 0-1

[Event "Team 45 45 League T27"]
[Site "Free Internet Chess Server"]
[Date "2005.06.18"]
[Round "1"]
[White "TripleCheck"]
[Black "HotDonut"]
[Result "1-0"]
[WhiteElo "2167"]
[BlackElo "1910"]
[TimeControl "2700+45"]

1. d4 Nf6 2. Bg5 d5 3. e3 e6 4. Bd3 Be7 5. Nd2 c5 6. c3 Nbd7 7. Ngf3 O-O 8. Qe2 b6 9. O-O-O c4 10. Bc2 b5 11. Ne5 a5 12. Nc6 Qe8 13. e4 b4 14. exd5 bxc3 15. Nxc4 cxb2+ 16. Kxb2 Bb4 17. dxe6 fxe6 18. Rhe1 Bxe1 19. Nd6 Ba6 20. Qxe1 Qh5 21. Qxe6+ Kh8 22. h4 Qe2 23. d5 Qxf2 24. Nf7+ Rxf7 25. Qxf7 Bc4 26. Bxf6 Nxf6 27. Qb7 Re8 28. d6 Re2 29. Nd4 Qxg2 30. Qc8+ Bg8 31. d7 Nxd7 32. Nxe2 Qxe2 33. Qxd7 Qe5+ 34. Qd4 Qb5+ 35. Bb3   {Black resigns} 1-0

[Event "Team 45 45 League T27"]
[Site "Free Internet Chess Server"]
[Date "2005.06.18"]
[Round "1"]
[White "JDFitzpat"]
[Black "gracey"]
[Result "0-1"]
[WhiteElo "1876"]
[BlackElo "2033"]
[TimeControl "2700+45"]

1. c4 Nf6 2. Nc3 c5 3. Nf3 d5 4. cxd5 Nxd5 5. d4 cxd4 6. Qxd4 Nxc3 7. Qxc3 Nc6 8. e4 Bg4 9. Bb5 Rc8 10. Ne5 Qd1#   {White checkmated} 0-1

[Event "Team 45 45 League T27"]
[Site "Free Internet Chess Server"]
[Date "2005.06.19"]
[Round "1"]
[White "javamanissa"]
[Black "malevolentmick"]
[Result "0-1"]
[WhiteElo "1852"]
[BlackElo "1822"]
[TimeControl "2700+45"]

1. e4 c5 2. Nf3 d6 3. d4 cxd4 4. Nxd4 Nf6 5. Nc3 g6 6. Be3 Bg7 7. Be2 O-O 8. O-O Nc6 9. Qd2 a6 10. Rfd1 Qc7 11. Nb3 b5 12. Bh6 Bb7 13. Bxg7 Kxg7 14. Nd5 Nxd5 15. exd5 Ne5 16. Na5 Bxd5 17. Qxd5 Qxa5 18. f4 Nd7 19. Bg4 Nf6 20. Qd4 e5 21. fxe5 dxe5 22. Qxe5 Rfe8 23. Qg3 Qb6+ 24. Kf1 Qc5 25. Bf3 Rac8 26. c3 b4 27. Rd3 bxc3 28. bxc3 Qb5 29. Rd1 Rxc3 30. Be2 Rc2 31. R3d2 Rxe2 32. Rxc2 Rxc2+ 33. Kg1 Qc5+ 34. Kh1 Ne4 35. Qf4 Nf2+ 36. Kg1 Nxd1+ 37. Kf1 Rf2+ 38. Qxf2 Qxf2#   {White checkmated} 0-1

[Event "Team 45 45 League T27"]
[Site "Free Internet Chess Server"]
[Date "2005.06.19"]
[Round "1"]
[White "Pawns"]
[Black "bahus"]
[Result "1-0"]
[WhiteElo "1782"]
[BlackElo "1803"]
[TimeControl "2700+45"]

1. e4 e5 2. Nf3 Nf6 3. d4 Nxe4 4. Bd3 d5 5. Nxe5 Nd7 6. Nxd7 Bxd7 7. O-O Be7 8. c4 c6 9. Qe2 O-O 10. Bxe4 dxe4 11. Qxe4 Re8 12. Qd3 Bd6 13. Be3 Qh4 14. g3 Qh5 15. Re1 Bf5 16. Qe2 Bg4 17. Qf1 Re6 18. Nd2 Rae8 19. c5 Bc7 20. b4 a5 21. b5 Bh3 22. Qd3 cxb5 23. Qxb5 Qd5 24. f3 f5 25. Qc4 Qxc4 26. Nxc4 f4 27. Bf2 fxg3 28. hxg3 Re2 29. g4 Bg3 30. Bxg3 Rg2+ 31. Kh1 Rxe1+ 32. Bxe1 Rc2 33. Nxa5 Bg2+ 34. Kg1 Bxf3 35. Bf2 Bxg4 36. Nxb7 Bf3 37. Nd6 g5 38. a4 h5 39. Ra3 Rc1+ 40. Kh2 Rh1+ 41. Kg3 h4+ 42. Kxf3 Rh3+ 43. Kg4 Rxa3 44. c6 Rc3 45. d5 h3 46. Bg3 Kf8 47. Nb5 Rc4+ 48. Kxg5 Rxa4 49. c7 Rc4 50. Na7 Ke8 51. c8=Q+ Rxc8 52. Nxc8 Kd7 53. d6 Kxc8 54. Kf6 Kd7 55. Kf7 Kd8 56. Ke6 Ke8 57. d7+   {Black resigns} 1-0